SR
STATEN ISLAND PIZZA RATS @ FRANKLIN FIRE
07/04/2034
 
TOP OF THE 1ST
Staten Island Pizza Rats batting - Pitching for Franklin Fire : LHP Freddy Estrada
Pitching: LHP Freddy Estrada
Batting: LHB Wilson Sabadodíaz 0-0: Reached on error, E1 (Groundball, 15)
Batting: RHB Curt Rovira 0-0: Ball
1-0: Ground out 6-3 (Groundball, 6)
Wilson Sabadodíaz to third
Batting: LHB Ismael Soto 0-0: Ball
1-0: Swinging Strike
1-1: Foul Ball, location: 2F
1-2: Fly out, F6 (Popup, 6MS)
Batting: SHB Chris Piña 0-0: Ball
1-0: Foul Ball, location: 2F
1-1: Foul Ball, location: 2F
1-2: Foul Ball, location: 2F
1-2: Foul Ball, location: 2F
1-2: Ground out 4-3 (Groundball, 4)
Top of the 1st over - 0 runs, 0 hits, 1 error, 1 left on base; Staten Island 0 - Franklin 0
BOTTOM OF THE 1ST
Franklin Fire batting - Pitching for Staten Island Pizza Rats : LHP Artur Corteso
Pitching: LHP Artur Corteso
Batting: RHB Dan Lewis 0-0: Called Strike
0-1: Fly out, F8 (Flyball, 8RD)
Batting: LHB Wilson Hernández 0-0: Ball
1-0: Called Strike
1-1: Foul Ball, location: 2F
1-2: Strikes out swinging
Batting: RHB Peter Holland 0-0: Ball
1-0: Foul Ball, location: 2F
1-1: Foul Ball, location: 2F
1-2: Ball
2-2: Foul Ball, location: 2F
2-2: Foul Ball, location: 2F
2-2: Ground out U3 (Groundball, 3S)
Bottom of the 1st over - 0 runs, 0 hits, 0 errors, 0 left on base; Staten Island 0 - Franklin 0
TOP OF THE 2ND
Staten Island Pizza Rats batting - Pitching for Franklin Fire : LHP Freddy Estrada
Batting: LHB Puck Schit 0-0: Called Strike
0-1: Foul Ball, location: 2F
0-2: Ball
1-2: Foul Ball, location: 2F
1-2: Ball
2-2: Ground out 4-3 (Groundball, 4M)
Batting: RHB Brock Waxley 0-0: Ball
1-0: Ball
2-0: Ball
3-0: Foul Ball, location: 2F
3-1: Called Strike
3-2: Base on Balls
Batting: RHB Jack Lynch 0-0: Grounds into double play, 5-4-3 (Groundball, 56)
Top of the 2nd over - 0 runs, 0 hits, 0 errors, 0 left on base; Staten Island 0 - Franklin 0
BOTTOM OF THE 2ND
Franklin Fire batting - Pitching for Staten Island Pizza Rats : LHP Artur Corteso
Batting: SHB Govaart Baars 0-0: Ball
1-0: Foul Ball, location: 2F
1-1: Fly out, F8 (Flyball, 8RS)
Batting: RHB Richard Theunen 0-0: DOUBLE (Line Drive, 3D)
Batting: LHB Ánibal Leobardo 0-0: Called Strike
0-1: Ball
1-1: DOUBLE (Line Drive, 78D)
Richard Theunen scores
Batting: RHB John Billings 0-0: Ball
1-0: Ground out 6-3 (Groundball, 6D)
Batting: LHB Kent Maxwell 0-0: Ball
1-0: Ball
2-0: Ball
3-0: Base on Balls
Batting: RHB Rubén Plumey 0-0: Foul Ball, location: 2F
0-1: Foul Ball, location: 2F
0-2: TRIPLE (Flyball, 89XD)
Ánibal Leobardo scores
Kent Maxwell scores
Batting: RHB Dan Lewis 0-0: DOUBLE (Line Drive, 8LD)
Rubén Plumey scores
Batting: LHB Wilson Hernández 0-0: Ball
1-0: Fly out, F3 (Popup, 23F)
Bottom of the 2nd over - 4 runs, 4 hits, 0 errors, 1 left on base; Staten Island 0 - Franklin 4
TOP OF THE 3RD
Staten Island Pizza Rats batting - Pitching for Franklin Fire : LHP Freddy Estrada
Batting: RHB Jorge Japón 0-0: Ball
1-0: Called Strike
1-1: Ball
2-1: Swinging Strike
2-2: Foul Ball, location: 2F
2-2: Foul Ball, location: 2F
2-2: Foul Ball, location: 2F
2-2: Strikes out swinging
Batting: LHB Carlos Sánchez 0-0: Called Strike
0-1: Ball
1-1: Foul Ball, location: 2F
1-2: Strikes out looking
Batting: LHB Wilson Sabadodíaz 0-0: Foul Ball, location: 2F
0-1: Ball
1-1: Foul Ball, location: 2F
1-2: Strikes out swinging
Top of the 3rd over - 0 runs, 0 hits, 0 errors, 0 left on base; Staten Island 0 - Franklin 4
BOTTOM OF THE 3RD
Franklin Fire batting - Pitching for Staten Island Pizza Rats : LHP Artur Corteso
Batting: RHB Peter Holland 0-0: Ball
1-0: Called Strike
1-1: Ball
2-1: Ball
3-1: Base on Balls
Batting: SHB Govaart Baars 0-0: Called Strike
0-1: Ball
1-1: Ball
2-1: Foul Ball, location: 2F
2-2: Ball
3-2: Base on Balls
Peter Holland to second
Batting: RHB Richard Theunen 0-0: Ball
1-0: Called Strike
1-1: Foul Ball, location: 2F
1-2: Strikes out swinging
Batting: LHB Ánibal Leobardo 0-0: Ball
1-0: Called Strike
1-1: Ball
2-1: Called Strike
2-2: Strikes out swinging
Batting: RHB John Billings 0-0: Ball
1-0: Called Strike
1-1: Foul Ball, location: 2F
1-2: Fly out, F8 (Line Drive, 8LM)
Bottom of the 3rd over - 0 runs, 0 hits, 0 errors, 2 left on base; Staten Island 0 - Franklin 4
TOP OF THE 4TH
Staten Island Pizza Rats batting - Pitching for Franklin Fire : LHP Freddy Estrada
Batting: RHB Curt Rovira 0-0: Called Strike
0-1: Ball
1-1: Foul Ball, location: 2F
1-2: Foul Ball, location: 2F
1-2: Strikes out swinging
Batting: LHB Ismael Soto 0-0: Called Strike
0-1: Ball
1-1: SOLO HOME RUN (Flyball, 9LD), Distance : 335 ft
Batting: SHB Chris Piña 0-0: Ball
1-0: Ball
2-0: Ball
3-0: Base on Balls
Batting: LHB Puck Schit 0-0: Called Strike
0-1: Called Strike
0-2: Ball
1-2: Ball
2-2: Fly out, F8 (Flyball, 8RM)
Batting: RHB Brock Waxley 0-0: Called Strike
0-1: Ball
1-1: Swinging Strike
1-2: SINGLE (Groundball, 3) (infield hit)
Chris Piña to second
Batting: RHB Jack Lynch 0-0: Called Strike
0-1: Ball
1-1: Ball
2-1: DOUBLE (Line Drive, 78D)
Chris Piña scores
Brock Waxley to third
Batting: RHB Jorge Japón 0-0: Ball
1-0: Ball
2-0: Called Strike
2-1: Swinging Strike
2-2: Strikes out swinging
Top of the 4th over - 2 runs, 3 hits, 0 errors, 2 left on base; Staten Island 2 - Franklin 4
BOTTOM OF THE 4TH
Franklin Fire batting - Pitching for Staten Island Pizza Rats : LHP Artur Corteso
Batting: LHB Kent Maxwell 0-0: Ball
1-0: Called Strike
1-1: Foul Ball, location: 2F
1-2: Ball
2-2: Foul Ball, location: 2F
2-2: Ball
3-2: SOLO HOME RUN (Flyball, 9LD), Distance : 342 ft
Batting: RHB Rubén Plumey 0-0: Ball
1-0: Called Strike
1-1: Called Strike
1-2: Fly out, F8 (Flyball, 8RM)
Batting: RHB Dan Lewis 0-0: Foul Ball, location: 2F
0-1: Ball
1-1: Swinging Strike
1-2: Strikes out looking
Batting: LHB Wilson Hernández 0-0: Ball
1-0: Foul Ball, location: 2F
1-1: Foul Ball, location: 2F
1-2: Foul Ball, location: 2F
1-2: Strikes out looking
Bottom of the 4th over - 1 run, 1 hit, 0 errors, 0 left on base; Staten Island 2 - Franklin 5
TOP OF THE 5TH
Staten Island Pizza Rats batting - Pitching for Franklin Fire : LHP Freddy Estrada
Batting: LHB Carlos Sánchez 0-0: Ball
1-0: Called Strike
1-1: Ball
2-1: Foul Ball, location: 2F
2-2: Fly out, F9 (Line Drive, 9)
Batting: LHB Wilson Sabadodíaz 0-0: Ball
1-0: Ball
2-0: SINGLE (Groundball, 56) (infield hit)
Batting: RHB Curt Rovira 0-0: Ball
1-0: Ground out 5-3 (Groundball, 56S)
Wilson Sabadodíaz to second
Batting: LHB Ismael Soto 0-0: Foul Ball, location: 2F
0-1: SINGLE (Flyball, 7LS)
Wilson Sabadodíaz to third
Batting: SHB Chris Piña 0-0: Ball
1-0: Ball
2-0: Swinging Strike
2-1: Ball
3-1: Foul Ball, location: 2F
3-2: Foul Ball, location: 2F
3-2: TRIPLE (Flyball, 78XD)
Wilson Sabadodíaz scores
Ismael Soto scores
Batting: LHB Puck Schit 0-0: Called Strike
0-1: Fly out, F4 (Popup, 4M)
Top of the 5th over - 2 runs, 3 hits, 0 errors, 1 left on base; Staten Island 4 - Franklin 5
BOTTOM OF THE 5TH
Franklin Fire batting - Pitching for Staten Island Pizza Rats : LHP Artur Corteso
Batting: RHB Peter Holland 0-0: Ball
1-0: Ball
2-0: Called Strike
2-1: Ball
3-1: Base on Balls
Batting: SHB Govaart Baars 0-0: Fly out, F8 (Flyball, 8RD)
Batting: RHB Richard Theunen 0-0: Ball
1-0: Called Strike
Pickoff Throw to First - Out!
1-1: Foul Ball, location: 2F
1-2: Fly out, F8 (Flyball, 89M)
Bottom of the 5th over - 0 runs, 0 hits, 0 errors, 0 left on base; Staten Island 4 - Franklin 5
TOP OF THE 6TH
Staten Island Pizza Rats batting - Pitching for Franklin Fire : LHP Freddy Estrada
Batting: RHB Brock Waxley 0-0: Swinging Strike
0-1: Fly out, F6 (Line Drive, 6M)
Batting: RHB Jack Lynch 0-0: Ball
1-0: Ball
2-0: Foul Ball, location: 2F
2-1: Foul Ball, location: 2F
2-2: Foul Ball, location: 2F
2-2: Strikes out looking
Batting: RHB Jorge Japón 0-0: Foul Ball, location: 2F
0-1: SINGLE (Groundball, 4D)
Batting: LHB Carlos Sánchez 0-0: Called Strike
0-1: Swinging Strike
0-2: Ball
1-2: Ball
2-2: SINGLE (Line Drive, 9LS)
Jorge Japón to second
Batting: LHB Wilson Sabadodíaz 0-0: SINGLE (Groundball, 6MD)
Jorge Japón to third
Carlos Sánchez to second
Runner from 3rd tries for Home, SAFE, no throw
Batting: RHB Curt Rovira 0-0: Ground out 5-3 (Groundball, 56S)
Top of the 6th over - 1 run, 3 hits, 0 errors, 2 left on base; Staten Island 5 - Franklin 5
BOTTOM OF THE 6TH
Franklin Fire batting - Pitching for Staten Island Pizza Rats : LHP Artur Corteso
Batting: LHB Ánibal Leobardo 0-0: Ball
1-0: Foul Ball, location: 2F
1-1: Ball
2-1: SINGLE (Flyball, 78M)
Batting: RHB John Billings 0-0: Sac Bunt - play at first, batter OUT! 5-4
Ánibal Leobardo to second
Batting: LHB Kent Maxwell 0-0: Intentional Walk
Batting: RHB Rubén Plumey 0-0: Foul Ball, location: 2F
0-1: Foul Ball, location: 2F
0-2: Strikes out swinging
Batting: RHB Dan Lewis 0-0: Ball
1-0: Ball
2-0: Swinging Strike
2-1: Ball
3-1: Swinging Strike
3-2: Fly out, F7 (Flyball, 78D)
Bottom of the 6th over - 0 runs, 1 hit, 0 errors, 2 left on base; Staten Island 5 - Franklin 5
TOP OF THE 7TH
Staten Island Pizza Rats batting - Pitching for Franklin Fire : LHP Freddy Estrada
Batting: LHB Ismael Soto 0-0: Called Strike
0-1: Ball
1-1: Foul Ball, location: 2F
1-2: Strikes out swinging
Batting: SHB Chris Piña 0-0: Ball
1-0: Called Strike
1-1: Ball
2-1: Swinging Strike
2-2: Ball
3-2: Strikes out swinging
Batting: LHB Puck Schit 0-0: Ball
1-0: Called Strike
1-1: Fly out, F2 (Popup, 13S)
Top of the 7th over - 0 runs, 0 hits, 0 errors, 0 left on base; Staten Island 5 - Franklin 5
BOTTOM OF THE 7TH
Franklin Fire batting - Pitching for Staten Island Pizza Rats : LHP Artur Corteso
Batting: LHB Wilson Hernández 0-0: Ball
1-0: Foul Ball, location: 2F
1-1: Called Strike
1-2: Fly out, F4 (Line Drive, 4)
Batting: RHB Peter Holland 0-0: Called Strike
0-1: Foul Ball, location: 2F
0-2: Ball
1-2: Fly out, F8 (Flyball, 8RM)
Batting: SHB Govaart Baars 0-0: Ball
1-0: Ball
2-0: Fly out, F8 (Line Drive, 8LM)
Bottom of the 7th over - 0 runs, 0 hits, 0 errors, 0 left on base; Staten Island 5 - Franklin 5
TOP OF THE 8TH
Staten Island Pizza Rats batting - Pitching for Franklin Fire : LHP Freddy Estrada
Batting: RHB Brock Waxley 0-0: Foul Ball, location: 2F
0-1: Ball
1-1: Swinging Strike
1-2: Foul Ball, location: 2F
1-2: Ball
2-2: Foul Ball, location: 2F
2-2: SINGLE (Groundball, 15S) (infield hit)
Batting: RHB Jack Lynch 0-0: Called Strike
0-1: Ball
1-1: Ball
2-1: Ball
3-1: Bunted foul
3-2: Fly out, F7 (Line Drive, 78M)
Batting: RHB Jorge Japón 0-0: Swinging Strike
0-1: DOUBLE (Groundball, 5L)
Brock Waxley to third
Batting: LHB Carlos Sánchez 0-0: Ball
1-0: Swinging Strike
1-1: Fly out, F7 (Flyball, 7S)
Batting: LHB Wilson Sabadodíaz 0-0: Foul Ball, location: 2F
0-1: Foul Ball, location: 2F
0-2: Ball
Passed Ball!
Brock Waxley scores
Jorge Japón to third
1-2: Ground out 4-3 (Groundball, 4)
Top of the 8th over - 1 run, 2 hits, 0 errors, 1 left on base; Staten Island 6 - Franklin 5
BOTTOM OF THE 8TH
Franklin Fire batting - Pitching for Staten Island Pizza Rats : LHP Artur Corteso
Now in RF: António Reyes
Batting: RHB Richard Theunen 0-0: Ball
1-0: SINGLE (Groundball, 4MD)
Batting: LHB Ánibal Leobardo 0-0: Ground out 4-3 (Groundball, 34S)
Richard Theunen to second
Batting: RHB John Billings 0-0: Ball
1-0: Foul Ball, location: 2F
1-1: Called Strike
1-2: Foul Ball, location: 2F
1-2: Strikes out swinging
Pinch Hitting: RHB Thomas Flyer 0-0: Called Strike
0-1: Called Strike
0-2: Ball
1-2: Ball
2-2: Ball
3-2: Base on Balls
Pitching: RHP Bjorn Hondelink
Pinch Hitting: RHB Ricardo Cardona 0-0: Ball
1-0: Foul Ball, location: 2F
1-1: Swinging Strike
1-2: Ball
2-2: Fly out, F7 (Flyball, 78S)
Bottom of the 8th over - 0 runs, 1 hit, 0 errors, 2 left on base; Staten Island 6 - Franklin 5
TOP OF THE 9TH
Staten Island Pizza Rats batting - Pitching for Franklin Fire : LHP Freddy Estrada
Now at 1B: Ling-lai Ding
Now in RF: Rick Newell
Batting: RHB Curt Rovira 0-0: Called Strike
0-1: Swinging Strike
0-2: Ball
1-2: Foul Ball, location: 2F
1-2: Fly out, F8 (Line Drive, 8RM)
Batting: LHB Ismael Soto 0-0: Ball
1-0: Called Strike
1-1: Called Strike
1-2: Foul Ball, location: 2F
1-2: Strikes out swinging
Batting: SHB Chris Piña 0-0: Called Strike
0-1: Called Strike
0-2: Foul Ball, location: 2F
0-2: Ball
1-2: Ball
2-2: Fly out, F8 (Flyball, 8RS)
Top of the 9th over - 0 runs, 0 hits, 0 errors, 0 left on base; Staten Island 6 - Franklin 5
BOTTOM OF THE 9TH
Franklin Fire batting - Pitching for Staten Island Pizza Rats : RHP Bjorn Hondelink
Pitching: LHP Julius Spry
Now at 2B: Anastasio Colomo
Batting: RHB Dan Lewis 0-0: Foul Ball, location: 2F
0-1: Ball
1-1: Called Strike
1-2: Foul Ball, location: 2F
1-2: Foul Ball, location: 2F
1-2: Fly out, F8 (Flyball, 8LXD)
Batting: LHB Wilson Hernández 0-0: Ball
1-0: Ball
2-0: Ground out 4-3 (Groundball, 4M)
Batting: RHB Peter Holland 0-0: Called Strike
0-1: Foul Ball, location: 2F
0-2: Strikes out swinging
Bottom of the 9th over - 0 runs, 0 hits, 0 errors, 0 left on base; Staten Island 6 - Franklin 5
Friday, March 29th, 2019 - OOTP Baseball 18.8 Build 76